 Dungeon Crawl Stone Soup version 0.30-a0-916-g98134172ad (webtiles) character file.

Game seed: 15190340246099620086

18911 112233 the Destroyer (level 12, -2/97 HPs)
             Began as a Demonspawn Conjurer on Mar 20, 2023.
             Was an Initiate of Gozag.
             Slain by a minotaur
             ... wielding a +5 mace of protection
              (9 damage)
             ... in a Gauntlet.
             The game lasted 00:31:28 (15240 turns).

112233 the Destroyer (Demonspawn Conjurer)         Turns: 15240, Time: 00:31:28

Health: -2/97      AC: 10    Str: 12    XL:     12   Next: 31%
Magic:  2/25       EV: 19    Int: 30    God:    Gozag
Gold:   298        SH:  5    Dex: 20    Spells: 6/30 levels left

rFire   . . .      SeeInvis .    x - +8 sling of the Hammering Ancients {freeze, rElec}
rCold   + . .      Faith    .    (no shield)
rNeg    + . .      Spirit   .    e - +2 robe {rC+}
rPois   .          Reflect  +    (helmet unavailable)
rElec   +          Rampage  .    h - +0 cloak
rCorr   +          NoTele   +    (no gloves)
Will    ++...                    f - +1 pair of boots "Gofosul" {Regen+ rCorr Str+4}
Stlth   ++                       z - amulet of reflection
HPRegen 1.96/turn                a - ring of Okawaru, Threshing {Drain Int+6 Dex+5}
MPRegen 0.38/turn                p - ring "Ilenn" {rN+ Will+ Dex+3}

@: mighty, very slightly contaminated
A: horns 3, thin metallic scales 2, magic regeneration, strong-willed 1,
regeneration 1
a: Renounce Religion, Potion Petition, Call Merchant, Bribe Branch


You were in a Gauntlet.
You worshipped Gozag.
Gozag was aware of your devotion.
You visited 4 branches of the dungeon, and saw 18 of its levels.
You also visited: Gauntlet.

You collected 2629 gold pieces.
You spent 1452 gold pieces at shops.
You paid 879 gold pieces to Gozag.

Inventory:

Hand Weapons
 t - a +2 spectral dagger
 x - the +8 sling of the Hammering Ancients (weapon) {freeze, rElec}
   (You found it on level 3 of the Dungeon)

   rElec:     It insulates you from electricity.
Armour
 e - a +2 robe of cold resistance (worn)
 f - the +1 pair of boots "Gofosul" (worn) {Regen+ rCorr Str+4}
   (You found it in a Gauntlet)

   Str:       It affects your strength (+4).
   Regen:     It increases your rate of health regeneration.
   rCorr:     It protects you from acid and corrosion.
 h - a +0 cloak (worn)
 Q - a scarf of shadows
Magical Staves
 J - a staff of fire
Jewellery
 a - the ring of Okawaru, Threshing (left hand) {Drain Int+6 Dex+5}
   (You bought it in a shop on level 1 of the Dungeon)

   [ring of intelligence]

   Int:       It affects your intelligence (+6).
   Dex:       It affects your dexterity (+5).
   Drain:     It drains your maximum health when unequipped.
 g - a ring of see invisible
 o - the amulet of Uskayaw's Benevolence {Faith Rampage rC+++ Str-2 SInv Stlth-}
   (You found it on level 2 of the Dungeon)

   [amulet of faith]

   It allows you to gain divine favour quickly.
   Str:       It affects your strength (-2).
   rC:        It renders you almost immune to cold.
   SInv:      It lets you see invisible.
   Rampage:   It bestows one free step when moving towards enemies.
   Stlth:     It makes you less stealthy.
 p - the ring "Ilenn" (right hand) {rN+ Will+ Dex+3}
   (You found it on level 2 of the Dungeon)

   [ring of willpower]

   Dex:       It affects your dexterity (+3).
   rN:        It protects you from negative energy.
   Will:      It increases your willpower.
 z - an amulet of reflection (around neck)
 A - a ring of positive energy
 E - a ring of resist corrosion
 H - a +6 ring of dexterity
Wands
 y - a wand of digging (10)
 D - a wand of charming (7)
Scrolls
 i - a scroll of enchant armour
 k - 11 scrolls of teleportation
 l - 3 scrolls of vulnerability
 q - 3 scrolls of fear
 r - 2 scrolls of fog
 s - a scroll of torment {unknown}
 u - 5 scrolls of immolation
 C - a scroll of amnesia
 G - 3 scrolls of noise
 I - a scroll of poison
 P - a scroll of enchant weapon {unknown}
Potions
 b - 2 potions of berserk rage
 c - a potion of invisibility
 d - 4 potions of flight
 m - 3 potions of haste
 n - 4 potions of attraction {unknown}
 v - 6 potions of curing
 w - a potion of degeneration {unknown}
 B - 5 potions of might {unknown}
 F - 2 potions of cancellation
 K - 2 potions of brilliance
 L - a potion of magic
 M - 3 potions of lignification {unknown}
Miscellaneous
 N - a tin of tremorstones (inert)


   Skills:
 + Level 10.2 Fighting
 + Level 9.7 Dodging
 - Level 2.0 Stealth
 + Level 9.7 Spellcasting
 + Level 11.1 Conjurations
 - Level 1.2 Summonings


You had 6 spell levels left.
You knew the following spells:

 Your Spells              Type           Power      Damage    Failure   Level
a - Magic Dart            Conj           100%       1d8       1%          1
b - Searing Ray           Conj           100%       2d8       1%          2
c - Iskenderun's Mystic   Conj/Tloc      48%        2d11      3%          4
d - Fulminant Prism       Conj/Hex       24%        3d12      3%          4
e - Mephitic Cloud        Conj/Pois/Air  36%        N/A       2%          3
f - Freezing Cloud        Conj/Ice/Air   18%        6-21      22%         5
g - Summon Forest         Summ/Tloc      9%         N/A       61%         5

Your spell library contained the following spells:

 Spells                   Type           Power      Damage    Failure   Level
 Momentum Strike          Conj/Tloc      96%        3d10      1%          2
 Static Discharge         Conj/Air       96%        2-6/arc   1%          2
 Dazzling Flash           Conj/Hex       96%        N/A       1%          3
 Call Imp                 Summ           21%        N/A       3%          2
 Lesser Beckoning         Tloc           28%        N/A       5%          2
 Sublimation of Blood     Necr           14%        N/A       5%          2
 Wereblood                Tmut           14%        N/A       5%          2
 Arcjolt                  Conj/Air       24%        1d34      10%         5
 Gell's Gravitas          Tloc           14%        N/A       11%         3
 Ozocubu's Armour         Ice            14%        N/A       11%         3
 Portal Projectile        Hex/Tloc       28%        N/A       11%         3
 Teleport Other           Tloc           14%        N/A       11%         3
 Vhi's Electric Charge    Tloc/Air       28%        N/A       11%         3
 Cause Fear               Hex            7%         N/A       34%         4
 Leda's Liquefaction      Hex/Erth       7%         N/A       34%         4
 Lee's Rapid Deconstruct  Erth           7%         3d6*      69%         5
 Metabolic Englaciation   Hex/Ice        7%         N/A       69%         5
 Plasma Beam              Fire/Air       7%         2x1d19    69%         5
 Dispersal                Tloc           7%         N/A       99%         6
 Statue Form              Tmut/Erth      9%         N/A       99%         6
 Dragon Form              Tmut           7%         N/A       100%        7
 Malign Gateway           Summ/Tloc      9%         N/A       100%        7
 Summon Hydra             Summ           10%        N/A       100%        7
 Dragon's Call            Summ           10%        N/A       100%        9
 Polar Vortex             Ice            7%         N/A       100%        9
 Simulacrum               Ice/Necr       Unusable   N/A       N/A         6

Dungeon Overview and Level Annotations

Branches:
Dungeon (13/15)            Temple (1/1) D:5            Lair (3/5) D:9
    Orc (1/2) D:9         Gauntlet (1/1)
  Swamp: Lair:2-3    Shoals: Lair:2-3     Snake: Lair:2-3    Spider: Lair:2-3
 Vaults: D:13-14

Altars:
Ashenzari
Cheibriados
Dithmenos
Fedhas
Gozag
Hepliaklqana
Kikubaaqudgha
Makhleb
Nemelex Xobeh
Okawaru
Qazlal
Ru
Sif Muna
Trog
Uskayaw
Vehumet
Wu Jian
Xom

Shops:
D:1 =?*   D:10 *?

Annotations:
D:5 Edmund
D:7 Dowan, Duvessa
D:8 3 runed translucent doors, hackon's ghost, novice OgFE
D:9 exclusion: 2 downstairs
Orc:1 Erolcha Gauntlet 8 transporters, exclusion: lightning spire


Innate Abilities, Weirdness & Mutations

You have a pair of large horns on your head.
You are mostly covered in thin metallic scales. (AC +3)
You regenerate magic rapidly.
You are strong-willed. (Will+)
Your natural rate of healing is unusually fast.


Message History

* * * LOW HITPOINT WARNING * * *
Unknown command.
You feel much better.
The minotaur hits you with a +5 mace of protection.
* * * LOW HITPOINT WARNING * * *
The minotaur closely misses you.
Unknown command.
Okay, then.
Okay, then.
Unknown command.
Unknown command.
Casting: Searing Ray (safe; 1% risk of failure)
Confirm with . or Enter, or press ? or * to list all spells.
Okay, then.
Okay, then.
As you read the scroll of fear, it crumbles to dust.
You assume a fearsome visage.
The minotaur resists with almost no effort.
The minotaur hits you with a +5 mace of protection!
* * * LOW HITPOINT WARNING * * *
The minotaur barely misses you.
Unknown command.
Unknown command.
Fire: x) +8 sling of the Hammering Ancients {freeze, rElec}
Press: ? - help, Q - select action, (/) - cycle Shift-Dir - straight line, f/p - minotaur
Aim: a minotaur, wielding a +5 mace of protection, wearing a +1 plate armour of cold resistance, wearing a +0 kite shield and quivering javelins (almost dead, 85% to hit)
You shoot a sling bullet.
The sling bullet hits the minotaur but does no damage.
The minotaur is almost dead.
The minotaur misses you.
The minotaur gores you but does no damage.
Unknown command.
Unknown command.
Fire: x) +8 sling of the Hammering Ancients {freeze, rElec}
Press: ? - help, Q - select action, (/) - cycle Shift-Dir - straight line, f/p - minotaur
Aim: a minotaur, wielding a +5 mace of protection, wearing a +1 plate armour of cold resistance, wearing a +0 kite shield and quivering javelins (almost dead, 85% to hit)
You shoot a sling bullet. The minotaur blocks the sling bullet.
The minotaur completely misses you. The minotaur gores you!
You die...
Your body crumbles into a pile of gold.

######### #.......# #.#####°#
##.#⌠°⌠#.## #..#.∩..H.#
#.##⌠.⌠##@# #.#######.#
#.......#.# #.###.#######.#
#.............#
#######.#######
#.............#
##...©.©.©...##
########.........############


You could see a minotaur.

Vanquished Creatures
  Josephine (D:12)
  A boulder beetle (D:12)
  2 two-headed ogres
  Sonja (D:11)
  4 cyclopes
  A moth of wrath (Gauntlet)
  2 unseen horrors
  A gargoyle (D:11)
  3 cane toads
  A rime drake (Lair:1)
  2 komodo dragons
  2 trolls
  2 polar bears (Lair:1)
  13 yaks
  A shadow (D:12)
  5 wraiths
  A vampire (D:12)
  A basilisk (D:9)
  A wyvern (D:9)
  4 vampire mosquitoes (D:11)
  3 wargs (D:9)
  2 acid dragons
  An acid dragon (shapeshifter) (Gauntlet)
  5 water moccasins
  2 sky beasts (D:6)
  2 black bears
  5 orc warriors
  A boggart (shapeshifter) (Gauntlet)
  7 wolves
  7 centaurs
  2 phantoms
  6 kobold brigands
  12 bullfrogs
  2 gnoll sergeants
  2 scorpions
  6 wights
  6 killer bees
  A hound (D:6)
  8 orc priests
  2 jellies
  Jessica (D:3)
  6 iguanas
  7 orc wizards
  7 hell rats (Lair:1)
  A mummy (D:9)
  2 adders
  12 gnolls
  A shadow imp (D:7)
  A white imp (D:7)
  2 worms (D:2)
  A dart slug (D:4)
  25 orcs
  4 bats
  5 endoplasms
  3 giant cockroaches
  4 hobgoblins
  6 quokkas
  6 ball pythons
  3 frilled lizards
  4 goblins
  27 kobolds
  5 rats
  A fulminant prism (Lair:2)
265 creatures vanquished.

Vanquished Creatures (collateral kills)
  Fannar (Lair:1)
  An orc warrior (D:11)
  An orc wizard (D:11)
  An orc (D:11)
4 creatures vanquished.

Vanquished Creatures (others)
  5 fulminant prisms
  3 fungi
  46 plants
54 creatures vanquished.

Grand Total: 323 creatures vanquished

Notes
Turn   | Place    | Note
-------+----------+-------------------------------------------
     0 | D:1      | 112233 the Demonspawn Conjurer began the quest for the Orb.
     0 | D:1      | Reached XP level 1. HP: 13/13 MP: 3/3
    15 | D:1      | Found Zysaigot's Magic Scroll Emporium.
   454 | D:1      | Gained mutation: You are partially covered in thin metallic
                  | scales. (AC +2) [demonic ancestry]
   454 | D:1      | Reached XP level 2. HP: 19/19 MP: 5/5
   488 | D:1      | Found Hyecvia's Jewellery Shoppe.
   592 | D:1      | Found Hengip's Assorted Antiques.
  1027 | D:2      | Gained mutation: You have a pair of small horns on your
                  | head. [demonic ancestry]
  1027 | D:2      | Reached XP level 3. HP: 23/25 MP: 6/6
  1044 | D:2      | Reached skill level 1 in Fighting
  1343 | D:2      | Identified the amulet of Uskayaw's Benevolence {Faith
                  | Rampage rC+++ Str-2 SInv Stlth-}
  1359 | D:2      | Identified the ring "Ilenn" {rN+ Will+ Dex+3}
  1377 | D:2      | Gained mutation: You are strong-willed. (Will+) [potion of
                  | mutation]
  1377 | D:2      | Gained mutation: Your natural rate of healing is unusually
                  | fast. [potion of mutation]
  1378 | D:2      | HP: 1/26 [hobgoblin (4)]
  1932 | D:3      | Noticed Jessica
  1941 | D:3      | Learned a level 2 spell: Searing Ray
  1941 | D:3      | Killed Jessica
  1942 | D:3      | Reached XP level 4. HP: 32/32 MP: 0/8
  2290 | D:3      | You fall into a shaft and drop 2 floors!
  2290 | D:5      | Entered Level 5 of the Dungeon
  2290 | D:5      | Found a staircase to the Ecumenical Temple.
  2303 | Temple   | Entered the Ecumenical Temple
  2410 | Temple   | Became a worshipper of Gozag Ym Sagoz the Greedy
  2460 | D:6      | Gained mutation: You regenerate magic rapidly. [demonic
                  | ancestry]
  2460 | D:6      | Reached XP level 5. HP: 3/38 MP: 9/9
  3271 | D:4      | Reached skill level 5 in Conjurations
  3271 | D:4      | Reached XP level 6. HP: 35/46 MP: 2/11
  3993 | D:3      | Identified the +8 sling of the Hammering Ancients {freeze,
                  | rElec}
  4387 | D:5      | Noticed Edmund
  4867 | D:6      | Reached XP level 7. HP: 41/52 MP: 9/12
  5093 | D:6      | Found an iron altar of Okawaru.
  5095 | D:6      | Found a shadowy altar of Dithmenos.
  5224 | D:6      | Found a faded altar of an unknown god.
  5231 | D:6      | Reached skill level 6 in Conjurations
  5231 | D:6      | Found a hazy altar of Hepliaklqana.
  5694 | D:5      | Gained mutation: You have a pair of horns on your head.
                  | [demonic ancestry]
  5694 | D:5      | Reached XP level 8. HP: 60/60 MP: 14/14
  5835 | D:7      | Found a shimmering blue altar of Sif Muna.
  5855 | D:7      | Found Geghaer's Assorted Antiques.
  5917 | D:7      | Found a hide-covered altar of Uskayaw.
  6017 | D:7      | Learned a level 4 spell: Iskenderun's Mystic Blast
  6022 | D:7      | Learned a level 4 spell: Fulminant Prism
  6026 | D:7      | Learned a level 3 spell: Mephitic Cloud
  6085 | D:7      | Reached skill level 5 in Spellcasting
  6228 | D:8      | Found a runed translucent gate.
  6243 | D:8      | Reached skill level 5 in Dodging
  6386 | D:7      | Reached skill level 5 in Fighting
  6504 | D:7      | Noticed Duvessa
  6505 | D:7      | Noticed Dowan
  7023 | D:8      | Reached skill level 7 in Conjurations
  7066 | D:8      | Reached XP level 9. HP: 18/69 MP: 2/17
  7564 | D:8      | Noticed a two-headed ogre
  7578 | D:8      | Killed a two-headed ogre
  7795 | D:8      | Found a runed translucent gate.
  7795 | D:8      | Found a runed translucent gate.
  7833 | D:8      | Noticed a ten-headed hydra
  7837 | D:8      | Noticed an 11-headed hydra
  7838 | D:8      | Noticed hackon's ghost (novice OgFE)
  8054 | D:9      | Reached skill level 8 in Conjurations
  8399 | D:9      | Gained mutation: You are mostly covered in thin metallic
                  | scales. (AC +3) [demonic ancestry]
  8399 | D:9      | Reached XP level 10. HP: 66/79 MP: 13/20
  8531 | D:9      | Found a staircase to the Lair.
  8675 | D:9      | Found a snail-covered altar of Cheibriados.
  8696 | D:9      | Found a staircase to the Orcish Mines.
  9006 | D:10     | Entered Level 10 of the Dungeon
  9034 | D:10     | Found Ulefinar's Magic Scroll Emporium.
  9046 | D:10     | Bought a scroll of acquirement for 676 gold pieces
  9046 | D:10     | Acquired the +2 hat "Luvask" {Drain rN+++ Regen+ Stlth+}
  9054 | D:10     | Found Laybop's Neck Hole.
  9067 | D:10     | Found an ornate altar of the Wu Jian Council.
  9313 | D:1      | Bought a scroll of teleportation for 30 gold pieces
  9313 | D:1      | Bought a scroll of fear for 40 gold pieces
  9313 | D:1      | Bought a scroll of teleportation for 30 gold pieces
  9313 | D:1      | Bought a scroll of teleportation for 30 gold pieces
  9313 | D:1      | Bought a scroll of identify for 20 gold pieces
  9313 | D:1      | Bought a scroll of fog for 40 gold pieces
  9313 | D:1      | Bought a scroll of identify for 20 gold pieces
  9313 | D:1      | Bought a scroll of vulnerability for 40 gold pieces
  9591 | Orc:1    | Entered Level 1 of the Orcish Mines
  9595 | Orc:1    | Noticed Erolcha
  9671 | Lair:1   | Entered Level 1 of the Lair of Beasts
  9892 | Lair:1   | Reached skill level 9 in Conjurations
 10101 | Lair:1   | Gained mutation: You have a pair of large horns on your
                  | head. [demonic ancestry]
 10101 | Lair:1   | Reached XP level 11. HP: 87/87 MP: 3/23
 11142 | Lair:2   | Noticed Fannar
 11168 | Lair:1   | Killed Fannar
 11241 | Lair:1   | Acquired the Elucidation of Orientation
 11254 | Lair:1   | Learned a level 5 spell: Freezing Cloud
 11273 | Lair:2   | Noticed a skyshark
 11578 | D:1      | Bought the ring of Okawaru, Threshing {Drain Int+6 Dex+5}
                  | for 526 gold pieces
 11805 | Lair:2   | Reached skill level 10 in Conjurations
 11865 | Lair:2   | Noticed a skyshark
 12033 | D:11     | Learned a level 5 spell: Summon Forest
 12046 | D:11     | Noticed Sonja
 12087 | D:11     | Killed Sonja
 12088 | D:11     | Reached skill level 1 in Summonings
 12519 | D:10     | Noticed a two-headed ogre
 12529 | D:10     | Killed a two-headed ogre
 13599 | D:12     | Noticed Josephine
 13838 | D:12     | Reached XP level 12. HP: 97/97 MP: 7/25
 13839 | D:12     | Noticed a boulder beetle
 14006 | D:12     | Killed Josephine
 14107 | D:12     | Noticed a boulder beetle
 14136 | D:12     | Killed a boulder beetle
 14137 | D:12     | Reached skill level 10 in Fighting
 14307 | D:12     | Reached skill level 11 in Conjurations
 14732 | D:12     | Noticed a two-headed ogre
 14811 | D:13     | Found a gate leading to a gauntlet.
 14820 | Gauntlet | Entered a Gauntlet
 14820 | Gauntlet | Found a transporter.
 14820 | Gauntlet | Found a transporter.
 14832 | Gauntlet | Found a transporter.
 14850 | Gauntlet | Found a transporter.
 14850 | Gauntlet | Found a transporter.
 14850 | Gauntlet | Found a transporter.
 14852 | Gauntlet | Found a transporter.
 14852 | Gauntlet | Found a transporter.
 14865 | Gauntlet | Found a transporter.
 14877 | Gauntlet | Noticed a blizzard demon
 14880 | Gauntlet | Found a transporter.
 14890 | Gauntlet | Found a transporter.
 14904 | Gauntlet | Found a transporter.
 14938 | Gauntlet | Found a transporter.
 14951 | Gauntlet | Found a transporter.
 14985 | Gauntlet | Identified the +1 pair of boots "Gofosul" {Regen+ rCorr
                  | Str+4}
 15207 | Gauntlet | Noticed a minotaur
 15238 | Gauntlet | HP: 2/97 [minotaur/+5 mace of protection (14)]
 15240 | Gauntlet | Slain by a minotaur

Illustrated notes

Levels and vault maps discovered:
D:1:      tarquinn_simple_flora_water_e, layout_basic, serial_shops,
          nicolae_shop_hallway_stairs,
          nicolae_shop_temple_entry_statues_fountains,
          nicolae_shop_hallway_stairs
D:2:      layout_loops_ring, minmay_misc_feat_chi
D:3:      layout_rooms, minmay_misc_feat_ornament,
          chequers_serial_rivers_small_3, uniq_jessica
D:4:      layout_basic, mainiacjoe_overflow_catwalk, roderic_lattice_a
D:5:      layout_loops_ring, minmay_temple_entry_junction,
          minmay_misc_feat_alley, amethyst_killhole, nrook_uturn,
          nrook_pool_corridor, uniq_edmund
D:6:      layout_loops_ring, minitemple, beargit_hepliaklqana_dungeon_heroes
D:7:      kb_forest_paths, layout_basic, mainiacjoe_overflow_brackets,
          amcnicky_altar_gilded, nicolae_uskayaw_suspiria, serial_shops,
          kennysheep_mini, uniq_duvessa
D:8:      layout_cave_pools, gammafunk_ghost_hydra_chop,
          minmay_fractal_squares_diagonal_5
D:9:      layout_irregular_city, slow_altar_1, david_lair_generic,
          minmay_orc_entry_guard_dogs
D:10:     layout_rooms, mainiacjoe_overflow_chevrons, serial_shops,
          nicolae_stop_n_shop_1, fungi_pond_lemuel,
          nicolae_shop_sticking_my_neck_out
D:11:     layout_long_grid, kennysheep_generic_room_16, uniq_sonja
D:12:     layout_stronghold, serial_column_ruins, column_ruins_square_large,
          column_ruins_grid_3, column_ruins_grid_1, column_ruins_open_tiny,
          column_ruins_grid_3, column_ruins_grid_1, uniq_josephine
D:13:     nicolae_aperiodic_l_corner, layout_irregular_city,
          gauntlet_entry_generic
Temple:   hellmonk_temple_forest_ring
Lair:1:   layout_gridlike, wad_woods_road_06, nicolae_lair_grazing_beasts
          [nicolae_sub_lair_graze_edge, nicolae_sub_lair_graze_edge,
          nicolae_sub_lair_graze_edge, nicolae_sub_lair_graze_edge],
          lemuel_fruit_fields, lemuel_fruit_tree
Lair:2:   layout_concentric_octagons, minmay_snake_entry_six_corridors,
          portal_ice_cave_demonic_guard, uniq_fannar
Lair:3:   layout_big_grid, nicolae_swamp_entry_splash_gauntlet
Orc:1:    layout_diamond_mine, nicolae_orc_sculptors_studio, uniq_erolcha,
          uniq_harold
Gauntlet: gammafunk_gauntlet_mixed_choke_point
          [minmay_gauntlet_arena_77_radiant_squares,
          minmay_gauntlet_arena_77_braids,
          minmay_gauntlet_arena_77_hold_the_fort,
          nicolae_gauntlet_arena_grate_2, minmay_gauntlet_arena_77_fan,
          minmay_gauntlet_arena_77_museum,
          minmay_gauntlet_arena_77_double_cross,
          dreamdust_gauntlet_exit_labyrinth]

Skill      XL: |  1  2  3  4  5  6  7  8  9 10 11 12 |
---------------+-------------------------------------+-----
Stealth        | 2 |  2.0
Dodging        | 2 3 4 5 6 8 9 |  9.7
Fighting       | 1 2 3 4 5 7 8 9 10 | 10.2
Spellcasting   | 3 4 5 6 8 9 |  9.7
Conjurations   | 5 6 7 8 9 10 11 | 11.1
Summonings     | 1 |  1.2

Action                     |  1- 3 |  4- 6 |  7- 9 | 10-12 || total
---------------------------+-------+-------+-------+-------++-------
  Melee: Dagger            |    64 |     5 |       |    13 ||    82
         Headbutt          |     4 |     1 |       |     5 ||    10
         Punch             |     2 |       |       |     1 ||     3
   Fire: Sling             |       |    12 |   104 |   168 ||   284
   Cast: Magic Dart        |    31 |    51 |    15 |    10 ||   107
         Searing Ray       |       |    14 |    61 |    80 ||   155
         Mephitic Cloud    |       |       |       |    15 ||    15
         Fulminant Prism   |       |       |       |     6 ||     6
         Iskenderun's Myst |       |       |       |    44 ||    44
         Freezing Cloud    |       |       |       |     4 ||     4
 Invoke: Potion Petition   |       |       |     1 |     2 ||     3
  Evoke: Wand              |       |       |     6 |    20 ||    26
         Tin of tremorston |       |       |       |     2 ||     2
    Use: Potion            |     4 |     2 |     1 |     4 ||    11
         Scroll            |       |       |     8 |    16 ||    24
   Stab: Sleeping          |     9 |       |       |       ||     9
         Distracted        |       |       |       |     1 ||     1
 Armour: Robe              |    19 |    12 |    25 |    42 ||    98
  Dodge: Dodged            |    47 |    21 |    87 |   213 ||   368
  Block: Other             |       |       |       |    42 ||    42
         Reflection        |       |       |       |     6 ||     6

Table legend: (Time is in decaauts)
 A = Elapsed time spent in this place.
 B = Non-inter-level travel time spent in this place.
 C = Inter-level travel time spent in this place.
 D = Time resting spent in this place.
 E = Time spent auto-exploring this place.
 F = Levels seen in this place.
 G = Mean time per level.
                   A        B        C        D        E       F      G
               +--------+--------+--------+--------+--------+-----+--------+
         Total |  15414 |  13431 |   1983 |   1947 |   9138 |  19 |  811.3 |
       Dungeon |  12859 |  11067 |   1792 |   1506 |   7858 |  13 |  989.2 |
        Temple |    125 |     93 |     32 |      0 |     84 |   1 |  125.0 |
          Lair |   1981 |   1825 |    156 |    441 |   1020 |   3 |  660.3 |
  Orcish Mines |     18 |     16 |      2 |      0 |      0 |   1 |   18.0 |
      Gauntlet |    429 |    429 |      0 |      0 |    176 |   1 |  429.0 |
               +--------+--------+--------+--------+--------+-----+--------+

Top non-repeatable levels by time:
  Lair:1: 1817 daAuts
     D:6: 1397 daAuts
     D:9: 1325 daAuts
     D:4: 1255 daAuts
    D:12: 1255 daAuts
    D:11: 1232 daAuts
     D:8: 1169 daAuts
     D:7: 1094 daAuts
     D:1: 1032 daAuts
     D:2: 930 daAuts
     D:3: 868 daAuts
     D:5: 793 daAuts
    D:10: 454 daAuts
Gauntlet: 429 daAuts
  Lair:2: 162 daAuts
